 Dungeon Crawl Stone Soup version 0.25-a0-413-g3b4b6a4ccc (webtiles) character file.

Game seed: 12160686744640854273, levelgen mode: deterministic

121 MisterFreud the Cutter (level 5, -1/47 HPs)
             Began as a Gnoll Chaos Knight on Jan 14, 2020.
             Was a Plaything of Xom.
             Slain by a blink frog (shapeshifter) (3 damage)
             ... on level 3 of the Dungeon.
             The game lasted 00:05:01 (2376 turns).

MisterFreud the Cutter (Gnoll Chaos Knight)         Turns: 2376, Time: 00:05:02

Health: -1/47      AC:  5    Str: 19    XL:     5   Next: 5%
Magic:  6/6        EV: 18    Int: 15    God:    Xom [.*....]
Gold:   109        SH:  0    Dex: 20    Spells: 6/6 levels left

rFire    . . .     SeeInvis .   a - +0 short sword (chaos)
rCold    . . .     Gourm    .   (no shield)
rNeg     . . .     Faith    .   b - +2 leather armour
rPois    .         Spirit   .   (no helmet)
rElec    .         Reflect  .   (no cloak)
rCorr    .         Harm     .   (no gloves)
MR       .....                  (no boots)
Stlth    +++.......             (no amulet)
HPRegen  0.15/turn              (no ring)
MPRegen  0.10/turn              (no ring)

@: mighty, agile
A: distributed training, fangs 1, strong nose
a: Renounce Religion


You were on level 3 of the Dungeon.
You worshipped Xom.
You were a plaything of Xom.
You were not hungry.

You visited 1 branch of the dungeon, and saw 3 of its levels.

You collected 109 gold pieces.

Inventory:

Hand Weapons
 a - a +0 short sword of chaos (weapon)
Missiles
 f - 24 sling bullets
 h - 5 stones (quivered)
 m - 15 poisoned darts
 n - 6 curare-tipped darts
 p - 22 arrows
Armour
 b - a +2 leather armour (worn)
Jewellery
 e - an uncursed ring of ice
Scrolls
 g - 2 scrolls of remove curse
 j - a scroll of teleportation
 o - a scroll of immolation
Potions
 i - a potion of cancellation
 k - 2 potions of flight
Comestibles
 c - 4 rations


   Skills:
 + Level 6.6 Fighting
 + Level 6.6 Short Blades
 + Level 1.3 Long Blades
 + Level 1.3 Axes
 + Level 1.3 Maces & Flails
 + Level 1.3 Polearms
 + Level 1.3 Staves
 + Level 1.3 Slings
 + Level 1.3 Bows
 + Level 1.3 Crossbows
 + Level 1.3 Throwing
 + Level 4.7 Armour
 + Level 2.8 Dodging
 + Level 1.3 Stealth
 + Level 1.3 Shields
 + Level 1.3 Unarmed Combat
 + Level 1.3 Spellcasting
 + Level 1.0 Conjurations
 + Level 1.0 Hexes
 + Level 1.0 Charms
 + Level 1.0 Summonings
 + Level 1.0 Necromancy
 + Level 1.0 Translocations
 + Level 1.0 Transmutations
 + Level 1.0 Fire Magic
 + Level 1.0 Ice Magic
 + Level 1.0 Air Magic
 + Level 1.0 Earth Magic
 + Level 1.0 Poison Magic
 + Level 1.4 Invocations
 + Level 1.3 Evocations


You had 6 spell levels left.
You didn't know any spells.
Your spell library was empty.

Dungeon Overview and Level Annotations

Branches:
Dungeon (3/15)

Altars:
Trog


Innate Abilities, Weirdness & Mutations

Your experience applies equally to all skills.
You have very sharp teeth.
Your uncanny sense of smell can sniff out nearby items.


Message History

The wavering orb of destruction weakly hits you!!
* * * LOW HITPOINT WARNING * * *
Xom is highly amused!
A shower of butterflies erupts from you!
Okay, then.
You closely miss the orb spider. You bite the orb spider.
The orb spider is heavily wounded.
The orb spider changes into a blink frog!
You puncture the blink frog!
The blink frog seems to slow down.
You freeze the blink frog. Your bite misses the blink frog.
The blink frog is heavily wounded.
You miss the blink frog. Your bite misses the blink frog.
The blink frog is heavily wounded.
The blink frog barely misses you.
You puncture the blink frog!
The blink frog is poisoned.
The blink frog is almost dead.
You miss the blink frog.
The blink frog is almost dead.
The blink frog hits you.
You die...

****,,,.#######.##......#
*******
*,,,,,,............#..#.#
*,*****.###.###.#.......#
*,* *,***,* #.#.##....##
*,* *,,**,**#..........#
*,* *,,**,*#......§....#
*,*****,,**,*#.##.#§##...#
*,,,,,,>,...##.##.#.##.###
********,**#..bF@b.....#
*,,,........##§####***
*,*,##.......§§..,,,,*
*,*,*#....?.##..#.#*,*
*,*,*#......##.,#,#*,*
*,*,*#.####.##[,,,**,*
*,*,*#.* #.###,*,**,*
*,,,,.,***#.#**,*,**,*
***,*****,,,,,,,,,,,,*


You could see a blink frog shaped shifter.

Vanquished Creatures
  2 adders (D:2)
  5 oozes (D:1)
  3 worms
  A leopard gecko (D:1)
  7 bats
  5 giant cockroaches (D:1)
  5 goblins
  10 hobgoblins
  5 jackals (D:1)
  2 quokkas
  A ball python (D:2)
  6 frilled lizards
  7 kobolds
  11 rats
70 creatures vanquished.

Notes
Turn   | Place    | Note
-------+----------+-------------------------------------------
     0 | D:1      | MisterFreud the Gnoll Chaos Knight began the quest for the
                  | Orb.
     0 | D:1      | Reached XP level 1. HP: 23/23 MP: 1/1
     1 | D:1      | Found a runed translucent door.
     4 | D:1      | You fall into a shaft and drop 1 floor!
    83 | D:1      | Reached XP level 2. HP: 18/29 MP: 2/2
   188 | D:1      | Reached XP level 3. HP: 26/35 MP: 3/3
   216 | D:1      | Reached skill level 1 in Invocations
   402 | D:1      | Reached skill level 1 in Long Blades
   402 | D:1      | Reached skill level 1 in Axes
   402 | D:1      | Reached skill level 1 in Maces & Flails
   402 | D:1      | Reached skill level 1 in Polearms
   402 | D:1      | Reached skill level 1 in Staves
   402 | D:1      | Reached skill level 1 in Slings
   402 | D:1      | Reached skill level 1 in Bows
   402 | D:1      | Reached skill level 1 in Crossbows
   402 | D:1      | Reached skill level 1 in Throwing
   402 | D:1      | Reached skill level 1 in Stealth
   402 | D:1      | Reached skill level 1 in Shields
   402 | D:1      | Reached skill level 1 in Unarmed Combat
   402 | D:1      | Reached skill level 1 in Spellcasting
   402 | D:1      | Reached skill level 1 in Evocations
   477 | D:1      | Reached XP level 4. HP: 31/41 MP: 5/5
   567 | D:1      | XOM: silly message
   588 | D:1      | XOM: silly message
  1285 | D:2      | Reached skill level 1 in Conjurations
  1285 | D:2      | Reached skill level 1 in Hexes
  1285 | D:2      | Reached skill level 1 in Charms
  1285 | D:2      | Reached skill level 1 in Summonings
  1285 | D:2      | Reached skill level 1 in Necromancy
  1285 | D:2      | Reached skill level 1 in Translocations
  1285 | D:2      | Reached skill level 1 in Transmutations
  1285 | D:2      | Reached skill level 1 in Fire Magic
  1285 | D:2      | Reached skill level 1 in Ice Magic
  1285 | D:2      | Reached skill level 1 in Air Magic
  1285 | D:2      | Reached skill level 1 in Earth Magic
  1285 | D:2      | Reached skill level 1 in Poison Magic
  1766 | D:2      | XOM: god gift: 2 scrolls labeled OTUWNAJOPAMY {god gift}
  1991 | D:2      | XOM: cloud trail
  2002 | D:3      | XOM: 1-stop teleportation journey
  2193 | D:3      | Reached XP level 5. HP: 47/47 MP: 6/6
  2277 | D:3      | Found a bloodstained altar of Trog.
  2340 | D:3      | Noticed a shapeshifter
  2340 | D:3      | a hobgoblin changed into a shapeshifter
  2340 | D:3      | XOM: polymorph shapeshifter -> shapeshifter
  2340 | D:3      | Noticed a hornet
  2340 | D:3      | a shapeshifter changed into a hornet
  2342 | D:3      | Paralysed by a hornet for 2 turns
  2344 | D:3      | Noticed a blink frog
  2344 | D:3      | a hornet changed into a blink frog
  2345 | D:3      | Noticed an orb spider
  2349 | D:3      | XOM: fog
  2371 | D:3      | HP: 1/47 [disintegration (21)]
  2371 | D:3      | XOM: butterfly on damage
  2372 | D:3      | Noticed a blink frog
  2372 | D:3      | an orb spider changed into a blink frog
  2376 | D:3      | Slain by a blink frog (shapeshifter)

Levels and vault maps discovered:
D:1:      dpeg_arrival_caged_fury, layout_basic
D:2:      layout_basic, chequers_hall_statues_corner_a
D:3:      layout_loops_cross, bloody_trog, uniq_crazy_yiuf_cottage

Skill      XL: |  1  2  3  4 |
---------------+-------------+-----
Invocations    | 1 |  1.4
Long Blades    | 1 |  1.3
Axes           | 1 |  1.3
Maces & Flails | 1 |  1.3
Polearms       | 1 |  1.3
Staves         | 1 |  1.3
Slings         | 1 |  1.3
Bows           | 1 |  1.3
Crossbows      | 1 |  1.3
Throwing       | 1 |  1.3
Stealth        | 1 |  1.3
Shields        | 1 |  1.3
Unarmed Combat | 1 |  1.3
Spellcasting   | 1 |  1.3
Evocations     | 1 |  1.3
Conjurations   | 1 |  1.0
Hexes          | 1 |  1.0
Charms         | 1 |  1.0
Summonings     | 1 |  1.0
Necromancy     | 1 |  1.0
Translocations | 1 |  1.0
Transmutations | 1 |  1.0
Fire Magic     | 1 |  1.0
Ice Magic      | 1 |  1.0
Air Magic      | 1 |  1.0
Earth Magic    | 1 |  1.0
Poison Magic   | 1 |  1.0
Fighting       | |  6.6
Short Blades   | |  6.6
Armour         | |  4.7
Dodging        | |  2.8

Action                   |  1- 3 |  4- 6 || total
-------------------------+-------+-------++-------
Melee: Short sword       |   104 |   142 ||   246
       Bite              |     9 |    14 ||    23
  Use: Scroll            |       |     8 ||     8
       Potion            |       |     2 ||     2
 Stab: Paralysed         |     1 |       ||     1
       Petrifying        |     1 |       ||     1
       Sleeping          |       |     5 ||     5
       Confused          |       |     1 ||     1
  Eat: Chunk             |       |     5 ||     5
Armor: Leather armour    |    26 |    27 ||    53
Dodge: Dodged            |    57 |    67 ||   124

Table legend:
 A = Non-vault XP
 B = Vault XP
 C = Vault XP percentage of total XP
 D = Non-vault monster count
 E = Vault monster count
 F = Vault count percentage of total count
                 A         B        C        D         E       F
            +---------+---------+-------+---------+---------+-------
      Total |     117 |      56 |  32.4 |      54 |      16 |  22.9
            +---------+---------+-------+---------+---------+-------
        D:1 |      48 |      56 |  53.8 |      30 |      16 |  34.8
        D:2 |      56 |       0 |   0.0 |      18 |       0 |   0.0
        D:3 |      13 |       0 |   0.0 |       6 |       0 |   0.0
            +---------+---------+-------+---------+---------+-------
